 Dungeon Crawl Stone Soup version 0.31.0-32-g396128a36d (webtiles) character file.

Game seed: 2276170919463661501

1547 hawla the Thrower (level 8, -1/62 HPs)
             Began as a Minotaur Gladiator on Apr 12, 2024.
             Was a Follower of Yredelemnul.
             Killed from afar by Maggie (9 damage)
             ... with a bolt of fire
             ... on level 6 of the Dungeon.
             The game lasted 00:10:59 (4717 turns).

hawla the Thrower (Minotaur Gladiator)              Turns: 4717, Time: 00:11:00

Health: -1/62      AC: 10    Str: 20    XL:     8   Next: 57%
Magic:  7/7        EV:  5    Int:  5    God:    Yredelemnul [*.....]
Gold:   273        SH: 11    Dex: 13    Spells: 7/7 levels left

rFire   . . .        C - +2 dagger (venom)
rCold   . . .        q - +0 tower shield
rNeg    . . .        k - +0 chain mail
rPois   +            c - +1 hat
rElec   .            (no cloak)
rCorr   .            (no gloves)
SInv    +            j - +0 pair of boots
Will    .....        (no amulet) Stlth
                     f - ring of poison resistance
HPRegen 0.30/turn    a - ring of see invisible
MPRegen 0.10/turn

%: no passive effects
@: invisible
A: horns 2, retaliatory headbutt
a: Renounce Religion, Recall Undead Harvest


You were on level 6 of the Dungeon.
You worshipped Yredelemnul.
Yredelemnul was noncommittal.
You visited 2 branches of the dungeon, and saw 7 of its levels.

You collected 273 gold pieces.

Inventory:

Hand Weapons
 o - a +3 long sword
 C - a +2 dagger of venom (weapon)
Missiles
 d - 3 throwing nets
 e - a javelin
 h - 6 poisoned darts
 r - 3 boomerangs (quivered)
 y - 4 curare-tipped darts
Armour
 c - a +1 hat (worn)
 j - a +0 pair of boots (worn)
 k - a +0 chain mail (worn)
 q - a +0 tower shield (worn)
Jewellery
 a - a ring of see invisible (right hand)
 f - a ring of poison resistance (left hand)
Wands
 m - a wand of polymorph (9)
 s - a wand of paralysis (5)
Scrolls
 l - a scroll of vulnerability
 u - a scroll of fear {unknown}
 x - a scroll of summoning {unknown}
 B - a scroll of blinking {unknown}
Potions
 b - 2 potions of enlightenment
 g - a potion of haste
 v - a potion of lignification {unknown}
 w - a potion of degeneration {unknown}
 z - a potion of cancellation {unknown}
 A - a potion of might {unknown}


   Skills:
 - Level 2.7 Fighting
 - Level 5.5 Long Blades
 + Level 9.2 Throwing
 - Level 3.5 Dodging
 - Level 4.0 Evocations


You had 7 spell levels left.
You didn't know any spells.
Your spell library was empty.

Dungeon Overview and Level Annotations

Branches:
Dungeon (6/15)             Temple (1/1) D:4

Altars:
Ashenzari
Dithmenos
Elyvilon
Fedhas
Kikubaaqudgha
Ru
Sif Muna
Trog
Vehumet
Xom
Yredelemnul
The Shining One

Annotations:
D:6 Maggie


Innate Abilities, Weirdness & Mutations

You have a pair of horns on your head.
You reflexively headbutt those who attack you in melee.


Message History

Your bullfrog zombie hits the gnoll.
The gnoll hits your bullfrog zombie with a +0 flail!
Your bullfrog zombie is destroyed!
You block Maggie's attack.
The grasping roots constrict your yak zombie!
The grasping roots constrict you.
* * * LOW HITPOINT WARNING * * *
Your yak zombie struggles to escape constriction.
The grasping roots release their grip on you.
It was a potion of magic.
Magic courses through your body. You block the gnoll's attack.
Maggie hits you with a +0 broad axe of electrocution.
* * * LOW HITPOINT WARNING * * *
The grasping roots constrict your yak zombie.
Your yak zombie struggles to escape constriction.
It was a potion of curing.
You feel better.
The roots release their grip on your yak zombie.
The gnoll hits you with a +0 flail!
* * * LOW HITPOINT WARNING * * *
Maggie mumbles some strange words.
Unknown command.
Your yak zombie gores the gnoll!
The gnoll hits your yak zombie with a +0 flail!
Your yak zombie gores the gnoll.
The gnoll dies!
A water moccasin comes into view.
As you read the scroll labelled ULEOME MEUSTREGACUE, it crumbles to dust.
It is a scroll of enchant armour.
Your +0 hat glows green for a moment.
The air fills with toxic fumes!
As you read the scroll labelled JIFODE DOABB, it crumbles to dust.
It was a scroll of poison.
Your yak zombie barely misses Maggie.
Maggie hits your yak zombie with a +0 broad axe of electrocution!
Maggie mumbles the words to a spell, but in the wrong order.
Maggie gestures at you while chanting. The bolt of fire hits your yak zombie!!
Your yak zombie is destroyed!
The bolt of fire hits you!
You die...
Your body rises from the dead as a mindless zombie.

######## #......#
#......#. +.@....'.
#$.....#
..############§§§...#
.>§§§§§§§@§§.@S.§.....
.######§#############.
##### #Z#
###≈≈≈######.#
##≈≈.≈≈##.....#
#≈≈♣.♣≈≈#....##
#########
#≈.?...≈#....#
#......##
#≈≈♣.♣≈≈#.########
####.##
##≈≈Z≈≈##........#
#<..g.g


You could see Maggie (unable to see you, poisoned) and a water moccasin
(unaware, unable to see you).

Vanquished Creatures
  A yak (D:6)
  Menkaure (D:5)
  Edmund (D:5)
  A water moccasin (D:5)
  Duvessa (D:4)
  A centaur (D:5)
  A bullfrog (D:6)
  2 scorpions
  4 wights (D:5)
  Dowan (D:4)
  A gnoll bouda (D:5)
  3 jellies
  3 hounds
  Terence (D:2)
  Ijyb (D:5)
  2 iguanas
  4 gnolls (D:3)
  3 adders
  2 dart slugs (D:1)
  A ribbon worm (D:2)
  3 orcs
  10 endoplasms
  3 giant cockroaches
  5 goblins
  3 hobgoblins
  2 jackals (D:3)
  2 quokkas
  3 ball pythons
  3 bats
  A frilled lizard (D:3)
  4 kobolds
  4 rats
78 creatures vanquished.

Vanquished Creatures (collateral kills)
  A gnoll (D:6)
1 creature vanquished.

Vanquished Creatures (others)
  A yak zombie (D:6)
  A centaur zombie (D:5)
  A bullfrog zombie (D:6)
  2 hound zombies (D:5)
  An iguana zombie (D:5)
  A jelly zombie (D:5)
7 creatures vanquished.

Grand Total: 86 creatures vanquished

Notes
Turn   | Place    | Note
-------+----------+-------------------------------------------
     0 | D:1      | hawla the Minotaur Gladiator began the quest for the Orb.
     0 | D:1      | Reached XP level 1. HP: 18/18 MP: 0/0
   261 | D:1      | Reached XP level 2. HP: 25/25 MP: 1/1
   937 | D:2      | Found a faded altar of an unknown god.
   948 | D:2      | Reached XP level 3. HP: 30/30 MP: 2/2
   952 | D:2      | Noticed Terence
   956 | D:2      | Killed Terence
   957 | D:2      | Reached skill level 5 in Long Blades
  1422 | D:2      | Reached XP level 4. HP: 31/37 MP: 3/3
  1993 | D:3      | Reached skill level 1 in Evocations
  2191 | D:3      | Reached skill level 3 in Throwing
  2191 | D:3      | Reached XP level 5. HP: 33/42 MP: 4/4
  2639 | D:4      | Noticed Dowan
  2639 | D:4      | Noticed Duvessa
  2656 | D:4      | Killed Duvessa
  2657 | D:4      | Reached skill level 4 in Throwing
  2657 | D:4      | Reached XP level 6. HP: 34/50 MP: 5/5
  2661 | D:4      | Killed Dowan
  2868 | D:4      | Found a staircase to the Ecumenical Temple.
  2902 | Temple   | Entered the Ecumenical Temple
  2908 | Temple   | Became a worshipper of Yredelemnul the Dark
  3211 | D:5      | Entered Level 5 of the Dungeon
  3221 | D:5      | Noticed Ijyb
  3232 | D:5      | Killed Ijyb
  3366 | D:5      | Reached * piety under Yredelemnul
  3393 | D:5      | Noticed a water moccasin
  3680 | D:5      | Reached skill level 5 in Throwing
  3680 | D:5      | Reached XP level 7. HP: 53/56 MP: 6/6
  3937 | D:5      | Reached skill level 6 in Throwing
  3952 | D:5      | Reached skill level 7 in Throwing
  4026 | D:5      | Found a shimmering altar of Xom.
  4028 | D:5      | Noticed Menkaure
  4036 | D:5      | Killed Menkaure
  4037 | D:5      | Reached XP level 8. HP: 26/62 MP: 7/7
  4202 | D:5      | Noticed Edmund
  4217 | D:5      | Killed Edmund
  4218 | D:5      | Reached skill level 8 in Throwing
  4337 | D:6      | Identified a scroll of acquirement
  4337 | D:6      | Acquired 802 gold pieces
  4609 | D:6      | Reached skill level 9 in Throwing
  4701 | D:6      | Noticed Maggie
  4717 | D:6      | Killed from afar by Maggie

Illustrated notes

Levels and vault maps discovered:
D:1:      dpeg_arrival_solitude, layout_loops_ring, serial_aquarium,
          aquarium_bridge_long_separate [aquarium_subvault_bridge,
          aquarium_subvault_wall, aquarium_subvault_wall,
          aquarium_subvault_wall, aquarium_subvault_bridge,
          aquarium_subvault_bridge], aquarium_window_3, aquarium_window_1,
          aquarium_view_2e, aquarium_view_2g, aquarium_pool_2,
          dreamdust_mushroom_princess
D:2:      layout_loops_cross, shapermc_ecumenical_altar_starsandcircs,
          uniq_terence
D:3:      layout_loops_cross
D:4:      layout_basic, minmay_temple_entry_statues_fountains,
          minmay_misc_feat_pillars, uniq_duvessa
D:5:      layout_rooms, mainiacjoe_overflow_alcove_1, uniq_menkaure,
          uniq_edmund, uniq_ijyb
D:6:      layout_basic, zin_academy, nicolae_shop_unique_rings,
          kennysheep_small_circle, uniq_eustachio, uniq_maggie
Temple:   hellmonk_temple_of_storms

Skill      XL: |  1  2  3  4  5  6  7  8 |
---------------+-------------------------+-----
Long Blades    | 4 5 |  5.5
Evocations     | 1 2 3 4 |  4.0
Throwing       | 3 4 5 7 9 |  9.2
Fighting       | |  2.7
Dodging        | |  3.5

Action                     |  1- 3 |  4- 6 |  7- 9 || total
---------------------------+-------+-------+-------++-------
  Melee: Long sword        |    62 |     3 |    33 ||    98
         Headbutt          |     9 |    23 |    13 ||    45
         Short sword       |       |    72 |       ||    72
         Dagger            |       |    32 |    44 ||    76
  Throw: Boomerang         |       |     3 |     2 ||     5
  Evoke: Wand              |       |     1 |     6 ||     7
    Use: Potion            |       |     6 |     3 ||     9
         Scroll            |       |     7 |     6 ||    13
   Stab: Distracted        |       |       |     2 ||     2
         Paralysed         |       |       |     4 ||     4
 Armour: Leather armour    |    11 |       |       ||    11
         Chain mail        |    24 |    76 |    56 ||   156
  Dodge: Dodged            |    51 |    22 |    11 ||    84
  Block: Tower shield      |       |    66 |    51 ||   117
